 Dungeon Crawl Stone Soup version 0.23.2-1-ga50397a (webtiles) character file.

Game seed: 15291082216853349891

56 sankara the Ruffian (level 3, 0/28 HPs)
             Began as a Minotaur Transmuter on May 20, 2019.
             Succumbed to an adder's poison
             ... on level 2 of the Dungeon.
             The game lasted 00:04:53 (1926 turns).

sankara the Ruffian (Minotaur Transmuter)           Turns: 1926, Time: 00:04:54

Health: 0/28       AC:  2    Str: 15    XL:     3   Next: 69%
Magic:  4/4        EV: 12    Int: 10    God:
Gold:   98         SH:  0    Dex: 10    Spells: 1/4 levels left

rFire    + . .     SeeInvis .     - Unarmed
rCold    + + .     Gourm    .   (no shield)
rNeg     . . .     Faith    .   g - +0 robe
rPois    +         Spirit   .   (helmet restricted)
rElec    +         Reflect  .   (no cloak)
rCorr    +         Harm     .   (no gloves)
MR       .....                  (no boots)
Stlth    +.........             (no amulet)
HPRegen  0.09/turn              k - ring of protection from cold {rC+, !d}
MPRegen  0.09/turn              n - ring of flight {+Fly, !d}

@: lethally poisoned (0 -> -5), resistant, berserk cooldown, slowed, very slow
A: retaliatory headbutt, horns 2
a: Evoke Flight


You were on level 2 of the Dungeon.
You were not hungry.

You visited 1 branch of the dungeon, and saw 2 of its levels.

You collected 98 gold pieces.

Inventory:

Hand Weapons
 b - a +0 hunting sling
   (You found it on level 1 of the Dungeon)
Missiles
 a - 38 arrows
 h - 22 stones (quivered)
Armour
 g - a +0 robe (worn)
Jewellery
 k - a ring of protection from cold (left hand) {rC+, !d}
   (You found it on level 2 of the Dungeon)
 n - a ring of flight (right hand) {+Fly, !d}
   (You found it on level 2 of the Dungeon)
Scrolls
 e - 2 scrolls of identify {unknown}
 f - 3 scrolls of remove curse {unknown}
 i - a scroll of magic mapping {unknown}
 j - a scroll of teleportation {unknown}
Comestibles
 c - a chunk of flesh {@w0}
 d - 3 rations


   Skills:
 - Level 1.2 Fighting
 - Level 2.1 Dodging
 * Level 4.6 Unarmed Combat
 - Level 1.3 Spellcasting
 + Level 2.2 Transmutations


You had one spell level left.
You knew the following spells:

 Your Spells              Type           Power        Failure   Level  Hunger
a - Beastly Appendage     Tmut           #.....       13%         1    ##.....
b - Sticks to Snakes      Tmut           #.......     21%         2    ###....

Your spell library contained the following spells:

 Spells                   Type           Power        Failure   Level  Hunger
 Spider Form              Tmut/Pois      #.........   54%         3    ####...
 Ice Form                 Ice/Tmut       #.......     91%         4    #####..
 Blade Hands              Tmut           #.........   98%         5    ######.


Dungeon Overview and Level Annotations

Branches:
Dungeon (2/15)

Altars:


Innate Abilities, Weirdness & Mutations

You reflexively headbutt those who attack you in melee.
You have a pair of horns on your head.


Message History

Your talons disappear.
You see here a short sword.
All of the chunks of flesh in your inventory have rotted away.
Key pressed, stopping explore.
A rat comes into view.
Casting: Beastly Appendage (safe; 14% risk of failure)
Confirm with . or Enter, or press ? or * to list all spells.
Your feet morph into talons.
You hit the rat.
The rat is severely wounded.
The rat twitches its whiskers.
The rat bites you.
You closely miss the rat. You claw the rat.
You kill the rat!
No target in view!
You see here a rat corpse.
You butcher the rat corpse.
Your transformation is almost over.
c - a chunk of flesh {@w0} You see here a rat skeleton.
Okay, then.
You see here a club.
An adder comes into view.
The adder hisses angrily.
A bat comes into view.
The bat moves out of view.
Casting: Beastly Appendage (safe; 14% risk of failure)
Confirm with . or Enter, or press ? or * to list all spells.
You extend your transformation's duration.
The bat closely misses you.
You hit the bat but do no damage. The bat closely misses you.
You furiously retaliate!
You headbutt the bat, but do no damage. The bat hits you.
You closely miss the bat. Your kick misses the bat. The bat hits you.
You closely miss the adder. The bat hits you but does no damage.
The adder bites you.
You are poisoned.
The adder poisons you!
You hit the adder. You claw the adder.
The adder is severely wounded.
You feel sick. The bat hits you but does no damage.
The adder closely misses you. You furiously retaliate!
You headbutt the adder.
You are too injured to fight recklessly!
You are too injured to fight recklessly!
You are too injured to fight recklessly!
You closely miss the adder. Your kick misses the adder.
The adder is almost dead.
Your transformation is almost over.
The adder bites you.
You are more poisoned.
The adder poisons you!
You miss the adder. Your headbutt misses the adder.
The adder is almost dead.
You feel sick. The adder bites you.
You are more poisoned.
The adder poisons you!
You closely miss the adder. Your kick misses the adder.
The adder is almost dead.
The adder bites you. The adder misses you.
You miss the adder. Your headbutt misses the adder.
The adder is almost dead.
You feel sick. The adder bites you.
* * * LOW HITPOINT WARNING * * *
You are more poisoned.
The adder poisons you!
* * * LOW HITPOINT WARNING * * *
You feel sick.
* * * LOW HITPOINT WARNING * * *
You feel sick. The bat hits you but does no damage.
You punch the bat!
You kill the bat!
* * * LOW HITPOINT WARNING * * *
You feel sick. The adder barely misses you. You furiously retaliate!
You headbutt the adder!
You kill the adder!
* * * LOW HITPOINT WARNING * * *
You feel sick.
You see here a rat skeleton.
* * * LOW HITPOINT WARNING * * *
You feel sick.
It was a potion of berserk rage.
A red film seems to cover your vision as you go berserk!
You feel yourself moving faster!
You feel mighty!
Your talons disappear.
You are too berserk!
You feel a strong urge to attack something.
* * * LOW HITPOINT WARNING * * *
You feel sick.
You feel your anger nearly subside.
* * * LOW HITPOINT WARNING * * *
You feel sick.
You are no longer berserk.
You are exhausted.
You feel yourself slow down.
It was a potion of resistance.
You feel protected.
* * * LOW HITPOINT WARNING * * *
You feel sick.
Okay, then.
You die...

#########
#######........
...............
#....# #....#
#..).# ####÷#
#.# #@#
###.#########
#............
## #####
#....########
.####...#
#....#
....')..#
#....#
.####÷..#
#....# .# ##.##
#....# .# #..#
#....#


There were no monsters in sight!

Vanquished Creatures
  An adder (D:2)
  4 bats
  8 goblins
  7 hobgoblins
  9 jackals
  4 kobolds
  A ball python (D:1)
  4 frilled lizards
  5 rats (D:2)
43 creatures vanquished.

Notes
Turn   | Place    | Note
-------+----------+-------------------------------------------
     0 | D:1      | sankara the Minotaur Transmuter began the quest for the
                  | Orb.
     0 | D:1      | Reached XP level 1. HP: 16/16 MP: 1/1
   238 | D:1      | Reached XP level 2. HP: 23/23 MP: 0/3
   675 | D:1      | Reached skill level 4 in Unarmed Combat
   901 | D:1      | Reached skill level 2 in Transmutations
  1384 | D:2      | Reached XP level 3. HP: 28/28 MP: 2/4
  1402 | D:2      | Learned a level 2 spell: Sticks to Snakes
  1914 | D:2      | HP: 7/28 [adder (4)]
  1919 | D:2      | HP: 3/28 [poisoned by an adder]
  1925 | D:2      | HP: 1/28 [poisoned by an adder]
  1926 | D:2      | Succumbed to an adder's poison

Skill      XL: |  1  2 |
---------------+-------+-----
Unarmed Combat | 4 |  4.6
Transmutations | 2 |  2.2
Fighting       | |  1.2
Dodging        | |  2.1
Spellcasting   | |  1.3

Action                   || total
-------------------------++-------
Melee: Unarmed           ||    85
       Headbutt          ||    11
       Kick              ||    10
 Fire: Hunting sling     ||     3
 Cast: Beastly Appendage ||    19
  Use: Potion            ||     2
  Eat: Chunk             ||     4
Armor: Robe              ||    14
Dodge: Dodged            ||    55

Levels and vault maps discovered:
D:1:      giann_forest_graveyard, layout_basic, minmay_misc_feat_secret_circle
D:2:      layout_basic, first_ration

Table legend:
 A = Turns spent in this place as a percentage of turns spent in the entire game.
 B = Non-inter-level travel turns spent in this place as a percentage of non-inter-level travel turns spent in the entire game.
 C = Inter-level travel turns spent in this place as a percentage of turns spent in this place.
 D = Turns resting spent in this place as a percentage of non-inter-level travel turns spent in this place.
 E = Turns spent auto-exploring this place as a percentage of non-inter-level travel turns spent in this place.
 F = Non-inter-level travel turns spent in this place divided by the number of levels of this place that you've seen.
                   A       B       C       D       E      F
               +-------+-------+-------+-------+-------+----------------------
         Total | 100.0 | 100.0 |   1.0 |  31.2 |  50.9 | 953.0
       Dungeon | 100.0 | 100.0 |   1.0 |  31.2 |  50.9 | 953.0
               +-------+-------+-------+-------+-------+----------------------

Table legend:
 A = Kills in this place as a percentage of kills in entire the game.
 B = Kills by you in this place as a percentage of kills by you in the entire game.
 C = Kills by friends in this place as a percentage of kills by friends in the entire game.
 D = Other kills in this place as a percentage of other kills in the entire game.
 E = Experience gained in this place as a percentage of experience gained in the entire game.
 F = Experience gained in this place divided by the number of levels of this place that you have seen.
                   A       B       C       D       E      F
               +-------+-------+-------+-------+-------+----------------------
         Total | 100.0 | 100.0 |   N/A |   N/A | 100.0 |  40.0
       Dungeon | 100.0 | 100.0 |   N/A |   N/A | 100.0 |  40.0
               +-------+-------+-------+-------+-------+----------------------
